 Dungeon Crawl Stone Soup version 0.22-a0-456-g11ed031 (webtiles) character file.

65564 Mgcat the Phalangite (level 15, -4/123 HPs)
             Began as a Merfolk Fighter on June 5, 2018.
             Was a High Priest of Trog.
             Slain by a two-headed ogre
             ... wielding a +0 giant club
              (17 damage)
             ... while paralysed by an ogre mage
             ... on level 2 of the Orcish Mines on June 7, 2018.
             The game lasted 00:59:40 (19779 turns).

Mgcat the Phalangite (Merfolk Fighter)             Turns: 19779, Time: 00:59:41

Health: -4/123     AC: 22    Str: 27    XL:     15   Next: 16%
Magic:  15/15      EV:  2    Int: 10    God:    Trog [*****.]
Gold:   2400       SH:  0    Dex: 15    Spells: 14/14 levels left

rFire    + . .     SeeInvis .   O - +8 glaive (chop)
rCold    x . .     Gourm    .   (shield currently unavailable)
rNeg     + . .     Faith    .   K - +0 pearl dragon scales
rPois    .         Spirit   .   q - +2 helmet
rElec    .         Reflect  .   (no cloak)
rCorr    .         Harm     .   E - +1 pair of gloves
MR       +....                  x - +1 pair of boots
Stlth    ++++......             (no amulet)
HPRegen  0.30/turn              n - ring of Xom's Whimsicality {Fire Str+5}
MPRegen  0.14/turn              d - ring of the Octopus King {AC+1 EV+1 Str+1 Int+1 Dex+1 Stlth+}

@: paralysed, slowed
A: change form in water, swift swim, stealthy swim
a: Berserk, Trog's Hand, Brothers in Arms, Renounce Religion


You were on level 2 of the Orcish Mines.
You worshipped Trog.
Trog was extremely pleased with you.
You were not hungry.

You visited 4 branches of the dungeon, and saw 21 of its levels.
You also visited: Labyrinth.

You collected 2400 gold pieces.

Inventory:

Hand Weapons
 a - a +3 trident
 O - a +8 glaive of chopping (weapon)
   (Trog gifted it to you on level 6 of the Lair of Beasts)
Missiles
 o - 20 javelins (quivered)
 p - 4 throwing nets {=f, !d}
 C - 5 curare-tipped needles
 N - 2 tomahawks of dispersal {=f}
Armour
 c - a +1 shield
 q - a +2 helmet (worn)
   (You found it on level 4 of the Dungeon)
 x - a +1 pair of boots (worn)
   (You found it on level 10 of the Dungeon)
 E - a +1 pair of gloves (worn)
   (You found it on level 7 of the Dungeon)
 K - +0 pearl dragon scales (worn)
   (You found it on level 4 of the Lair of Beasts)
Jewellery
 d - a ring of the Octopus King (right hand) {AC+1 EV+1 Str+1 Int+1 Dex+1 Stlth+}
   (You found it in a labyrinth)

   [ring of stealth]

   It affects your AC (+1).
   It affects your evasion (+1).
   It affects your strength (+1).
   It affects your intelligence (+1).
   It affects your dexterity (+1).
   It makes you more stealthy.
 n - the ring of Xom's Whimsicality (left hand) {Fire Str+5}
   (You found it on level 8 of the Dungeon)

   [ring of fire]

   It enhances your fire magic.
   It affects your strength (+5).
   It protects you from fire.
   It makes you vulnerable to cold.
 F - an uncursed ring of see invisible {sInv, !d}
   (You found it on level 9 of the Dungeon)
 M - an uncursed ring of protection from cold {rC+, !d}
   (You found it on level 5 of the Lair of Beasts)
Wands
 m - a wand of disintegration (48)
   (You found it on level 5 of the Dungeon)
 r - a wand of digging (26)
   (You found it on level 3 of the Dungeon)
 B - a wand of iceblast (19)
   (You found it on level 7 of the Dungeon)
 D - a wand of paralysis (21)
   (You found it on level 3 of the Lair of Beasts)
 H - a wand of polymorph (16)
   (You found it in a labyrinth)
 J - a wand of random effects (73)
   (You found it in a labyrinth)
Scrolls
 e - 2 scrolls of blinking {!r}
 j - 5 scrolls of teleportation
 t - a scroll of magic mapping {!r}
 w - 5 scrolls of identify
 y - 4 scrolls of immolation {!r}
 z - 5 scrolls of remove curse
 I - 2 scrolls of fog
Potions
 b - 2 potions of invisibility
 g - 4 potions of curing
 h - 3 potions of flight
 i - 3 potions of haste
 k - a potion of agility
 l - a potion of cancellation
 s - a potion of ambrosia
 u - a potion of heal wounds
 v - 2 potions of mutation {!q}
 L - a potion of might
Miscellaneous
 G - a fan of gales
   (You found it in a labyrinth)
Comestibles
 f - 32 rations
 A - 10 chunks of flesh {@w0}


   Skills:
 + Level 13.0 Fighting
 + Level 22.3 Polearms
 + Level 8.2 Armour
 + Level 11.8 Dodging
 - Level 10.1 Stealth
 - Level 3.0 Shields


You had 14 spell levels left.
You didn't know any spells.
Your spell library contained the following spells:

 Spells                   Type           Power        Failure   Level  Hunger
 Magic Dart               Conj           #...         65%         1    ##.....
 Fireball                 Conj/Fire      #.........   100%        5    ######.
 Conjure Flame            Conj/Fire      #.......     95%         3    ####...
 Slow                     Hex            #.......     78%         2    ###....
 Throw Flame              Conj/Fire      #.....       78%         2    ###....
 Mephitic Cloud           Conj/Pois/Air  #.......     95%         3    ####...
 Venom Bolt               Conj/Pois      #.........   100%        5    ######.
 Olgreb's Toxic Radiance  Pois           #.......     100%        4    #####..
 Blink                    Tloc           N/A          78%         2    ###....
 Freeze                   Ice            #...         65%         1    ##.....
 Sticky Flame             Conj/Fire      #.......     100%        4    #####..
 Call Imp                 Summ           #.......     78%         2    ###....
 Sting                    Conj/Pois      #...         65%         1    ##.....
 Stone Arrow              Conj/Erth      #.....       95%         3    ####...
 Shock                    Conj/Air       #...         65%         1    ##.....
 Spider Form              Tmut/Pois      #.........   95%         3    ####...
 Blade Hands              Tmut           #.........   100%        5    ######.
 Ice Form                 Ice/Tmut       #.......     100%        4    #####..
 Deflect Missiles         Chrm/Air       #.........   100%        6    #######
 Flame Tongue             Conj/Fire      #....        65%         1    ##.....
 Passwall                 Tmut/Erth      #.......     78%         2    ###....
 Sticks to Snakes         Tmut           #.......     78%         2    ###....
 Metabolic Englaciation   Hex/Ice        #.........   100%        5    ######.
 Lee's Rapid Deconstruct  Erth           #.........   100%        5    ######.
 Sandblast                Erth           #.....       65%         1    ##.....
 Petrify                  Tmut/Erth      #.......     100%        4    #####..
 Inner Flame              Hex/Fire       #.......     95%         3    ####...
 Beastly Appendage        Tmut           #.....       65%         1    ##.....
 Summon Lightning Spire   Summ/Air       #.......     100%        4    #####..
 Poisonous Vapours        Pois/Air       #.....       78%         2    ###....


Dungeon Overview and Level Annotations

Branches:
Dungeon (12/15)            Temple (1/1) D:5            Lair (6/6) D:8
 Shoals (0/4) Lair:2       Spider (0/4) Lair:2        Slime (0/5) Lair:5
    Orc (2/2) D:10            Elf (0/3) Orc:2

Altars:
Ashenzari
Dithmenos
Elyvilon
Gozag
Hepliaklqana
Okawaru
Qazlal
Trog
Vehumet
Wu Jian
Zin

Shops:
D:4 }   Orc:2 [

Annotations:
Lair:4 exclusions: 5 oklob plants and 2 more exclusions, Josephine
Lair:6 exclusion: 3 oklob plants


Message History

No target in view!
Things that are here:
a giant club; an ogre corpse You butcher the ogre corpse.
A - 28 chunks of flesh {@w0} (gained 5)
You see here a giant club. x2
You now have 2400 gold pieces (gained 20).
Some of the chunks of flesh in your inventory have rotted away.
Key pressed, stopping explore.
Key pressed, stopping explore.
An ogre comes into view. It is wielding a giant club.
You see here 28 gold pieces.
An ogre is nearby!
An ogre is nearby! 2 ogres, an ogre mage, 2 trolls and a deep troll come into view.
The ogre shouts! x2; You hear a shout!
You hear two shouts!
You hear a shout!
An ogre comes into view. It is wielding a giant spiked club.
An ogre comes into view. It is wielding a giant club.
A troll comes into view.
A two-headed ogre comes into view. It is wielding two giant clubs.
An ogre comes into view. It is wielding a giant club.
The ogre mage moves out of view.
You hear two shouts!
Found Tuadgh's Armour Emporium.
An ogre, a two-headed ogre, an ogre mage and a troll come into view.
The ogre mage shouts!
The ogre shouts!
You hear a shout! x3
A two-headed ogre comes into view. It is wielding two giant clubs.
An ogre comes into view. It is wielding a giant club.
The ogre mage gestures wildly while chanting.
The ogre mage seems to speed up.
A two-headed ogre comes into view. It is wielding two giant clubs.
You hear a shout! 2 ogres and 2 two-headed ogres come into view.
The two-headed ogre shouts in stereo! x3; The deep troll shouts!
The ogre shouts!
The ogre mage shouts!
You hear two shouts!
A deep troll comes into view.
A troll comes into view.
The troll shouts!
The ogre shouts!
Attack whom?
Press: ? - help, Dir - move target cursor, f - ogre
Aim: an ogre, wielding a giant spiked club You reach to attack!
The troll shouts! x2; The two-headed ogre shouts in stereo!
The ogre shouts!
The deep troll shouts!
You slice the ogre!!
You kill the ogre!
Trog accepts your kill.
You hear two shouts!
An ogre comes into view. It is wielding a giant spiked club.
A two-headed ogre comes into view.
It is wielding a giant club and a giant spiked club.
The ogre mage points at the two-headed ogre and mumbles some strange words.
The two-headed ogre seems to speed up.
The ogre closely misses you.
The ogre mage casts a spell.
The ogre mage flickers and vanishes!
Deactivating autopickup; reactivate with Ctrl-A.
The teleport trap disappears.
The troll disappears!
The ogre mage gestures at you while chanting.
You feel yourself slow down.
Some of the chunks of flesh in your inventory have rotted away.
The ogre mage gestures at you while chanting.
You resist with some effort.
The two-headed ogre completely misses you.
The two-headed ogre hits you but does no damage.
The two-headed ogre misses you. x2
The ogre mage closely misses you.
The two-headed ogre hits you with a giant club!
The two-headed ogre misses you. The ogre mage barely misses you.
The two-headed ogre closely misses you.
The two-headed ogre hits you but does no damage.
The ogre mage gestures at you while chanting.
The bolt of lightning misses you.
The two-headed ogre completely misses you.
The two-headed ogre closely misses you. The ogre mage barely misses you.
The ogre mage completely misses you. The two-headed ogre misses you.
The two-headed ogre barely misses you.
The ogre mage gestures at you while chanting.
You suddenly lose the ability to move!
The ogre mage hits you but does no damage.
The two-headed ogre hits you but does no damage. x3
The two-headed ogre hits you with a giant club!
The ogre mage hits you but does no damage.
The two-headed ogre hits you with a giant club!
The two-headed ogre hits you with a giant club.
The ogre mage hits you but does no damage.
The two-headed ogre hits you with a giant club.
The two-headed ogre hits you but does no damage.
You hear some strange, mumbled words.
The ogre seems to speed up.
The two-headed ogre hits you with a giant club!
The two-headed ogre hits you with a giant club.
The ogre mage hits you but does no damage.
The two-headed ogre hits you with a giant spiked club!
The two-headed ogre hits you with a giant club!
The two-headed ogre hits you with a giant club!!
* * * LOW HITPOINT WARNING * * *
The two-headed ogre hits you with a giant club!
* * * LOW HITPOINT WARNING * * *
The ogre mage casts a spell at you. You resist with some effort.
The two-headed ogre hits you with a giant club!
You die...

................#.## ###
...................# ### ####..
...................#####.###.#...
.......).............#....#......
................##.......###.....
......$..........##........#.....
...............T###.........^...#
......O..OTOOOO#O###.....#......#
......O.....#TOO@.####.##......##
.OO.##..O.OO.OOOO## ###.......##
.).....OT##....T## ###......#
.....O...###....# ###### ##......
...O......###..## #.#..## .......
.#..$....## #######.....#####....
.......### ##.........###.....
.....### ##...........##.....
#...................


You could see 7 two-headed ogres, an ogre mage, 2 deep trolls, 2 trolls and 6
ogres.

Vanquished Creatures
  Saint Roka (Orc:2)
  Rupert (Lair:6)
  A minotaur (Lab)
  The ghost of Ratty the Fighter, a journeyman CeMo of Okawaru (D:10)
  An ice dragon (Lair:6)
  5 hydras
  Harold (D:10)
  A merfolk avatar (Lair:6)
  4 two-headed ogres
  Urug (D:10)
  4 death yaks (Lair:6)
  Sonja (D:10)
  A sea snake (Lair:6)
  An orc knight (Orc:1)
  2 orc sorcerers
  An ugly thing (D:11)
  14 elephants
  3 manticores
  Joseph (D:7)
  2 molten gargoyles (Lair:3)
  6 black mambas
  18 spiny frogs
  6 rime drakes
  11 komodo dragons
  A merfolk (Lair:2)
  A wind drake (Lair:6)
  4 polar bears (Lair:6)
  4 trolls
  2 hornets
  4 hippogriffs
  6 blink frogs
  18 dream sheep
  Sigmund (D:5)
  A shadow (D:11)
  4 wraiths
  2 wyverns (Lair:1)
  2 basilisks
  3 hogs (D:7)
  3 humans
  33 yaks
  2 fire elementals (Lair:4)
  Grum (D:10)
  5 hungry ghosts
  2 wargs (Orc:2)
  Menkaure (D:7)
  10 water moccasins
  8 porcupines
  3 phantoms (D:4)
  10 orc warriors
  3 black bears
  3 ice beasts
  4 sky beasts
  A necrophage (D:10)
  12 ogres
  5 centaurs
  27 wolves
  16 crocodiles
  A big kobold (D:10)
  9 bullfrogs
  A water moccasin zombie (D:7)
  3 scorpions
  8 wights
  8 howler monkeys
  3 crimson imps
  5 lava snakes (Lair:3)
  A bullfrog zombie (D:9)
  A quasit (D:10)
  4 orc priests
  A gnoll shaman (D:10)
  3 hounds
  2 jellies
  A centaur skeleton (D:10)
  A bullfrog skeleton (D:7)
  2 iguanas
  14 orc wizards
  4 worker ants
  4 hound skeletons
  2 howler monkey zombies
  A worker ant zombie (D:6)
  9 adders
  7 gnolls
  A river rat (Lair:4)
  3 white imps (Lair:6)
  2 adder skeletons
  5 worms
  4 dart slugs
  4 leopard geckos
  69 orcs
  7 bats
  7 giant cockroaches
  8 hobgoblins
  16 jackals
  4 quokkas
  2 ball pythons
  6 frilled lizards
  13 goblins
  9 kobolds
  A leopard gecko skeleton (D:4)
  9 rats
555 creatures vanquished.

Vanquished Creatures (collateral kills)
  An orc warrior (Orc:2)
  An orc priest (Orc:2)
  An orc wizard (Orc:2)
  2 orcs (Orc:2)
5 creatures vanquished.

Vanquished Creatures (others)
  3 fungi
  14 plants
17 creatures vanquished.

Grand Total: 577 creatures vanquished

Notes
Turn   | Place    | Note
-------+----------+-------------------------------------------
     0 | D:1      | Mgcat the Merfolk Fighter began the quest for the Orb.
     0 | D:1      | Reached XP level 1. HP: 18/18 MP: 1/1
   122 | D:1      | Reached skill level 4 in Polearms
   122 | D:1      | Reached XP level 2. HP: 15/24 MP: 2/2
   488 | D:1      | Reached skill level 5 in Polearms
   488 | D:1      | Reached XP level 3. HP: 29/29 MP: 3/3
   803 | D:2      | Reached skill level 6 in Polearms
   926 | D:2      | Reached XP level 4. HP: 31/35 MP: 4/4
  1497 | D:3      | Reached skill level 7 in Polearms
  1509 | D:3      | Reached XP level 5. HP: 38/41 MP: 5/5
  1720 | D:3      | Reached skill level 8 in Polearms
  2193 | D:4      | Found Viwk's Gadget Shop.
  2205 | D:4      | Found a bloodstained altar of Trog.
  2205 | D:4      | Noticed a phantom
  2245 | D:4      | Killed a phantom
  2245 | D:4      | Reached skill level 9 in Polearms
  2245 | D:4      | Reached XP level 6. HP: 28/47 MP: 6/6
  2254 | D:4      | Noticed a phantom
  2265 | D:4      | Became a worshipper of Trog the Wrathful
  2285 | D:4      | Killed a phantom
  2285 | D:4      | Reached skill level 10 in Polearms
  2562 | D:4      | Reached XP level 7. HP: 46/52 MP: 7/7
  2677 | D:4      | Reached skill level 11 in Polearms
  2903 | D:5      | Entered Level 5 of the Dungeon
  2908 | D:5      | Upgraded the game from 0.22-a0-455-ga0624bf to 0.22-a0-456-g11ed031
  2992 | D:5      | Reached skill level 12 in Polearms
  3013 | D:5      | Noticed Sigmund
  3022 | D:5      | Killed Sigmund
  3022 | D:5      | Reached XP level 8. HP: 24/58 MP: 8/8
  3037 | D:5      | Reached * piety under Trog
  3181 | D:5      | Reached skill level 13 in Polearms
  3338 | D:5      | Found a staircase to the Ecumenical Temple.
  3352 | Temple   | Entered the Ecumenical Temple
  3622 | D:5      | Reached skill level 14 in Polearms
  3772 | D:5      | Found a white marble altar of Elyvilon.
  3996 | D:6      | Reached skill level 4 in Fighting
  4101 | D:6      | Reached skill level 5 in Fighting
  4233 | D:6      | Reached skill level 3 in Armour
  4233 | D:6      | Reached XP level 9. HP: 66/68 MP: 9/9
  4317 | D:6      | Reached skill level 4 in Armour
  4391 | D:6      | Reached ** piety under Trog
  4788 | D:7      | Reached skill level 5 in Armour
  4793 | D:7      | Reached skill level 1 in Dodging
  4810 | D:7      | Noticed Joseph
  5020 | D:7      | Killed Joseph
  5020 | D:7      | Reached skill level 4 in Dodging
  5109 | D:7      | Found a shadowy altar of Dithmenos.
  5150 | D:7      | Reached skill level 5 in Dodging
  5367 | D:7      | Noticed Menkaure
  5381 | D:7      | Killed Menkaure
  5399 | D:7      | Reached skill level 15 in Polearms
  5480 | D:7      | Reached XP level 10. HP: 74/74 MP: 10/10
  5707 | D:7      | Reached skill level 16 in Polearms
  5911 | D:8      | Got a pitted iron ring
  5913 | D:8      | Identified the ring of Xom's Whimsicality {Fire Str+5} (You found it on level 8 of the Dungeon)
  5923 | D:8      | Found a staircase to the Lair.
  6454 | D:9      | Got a shimmering falchion
  6455 | D:9      | Identified the +4 falchion "Xuwaununo" {antimagic, Int+3} (You found it on level 9 of the Dungeon)
  6672 | D:9      | Reached skill level 17 in Polearms
  6764 | D:9      | Found a bloodstained altar of Trog.
  6908 | D:9      | Reached *** piety under Trog
  7121 | D:10     | Entered Level 10 of the Dungeon
  7316 | D:10     | Reached skill level 18 in Polearms
  7322 | D:10     | Noticed Urug
  7324 | D:10     | Noticed Harold
  7354 | D:10     | Killed Harold
  7354 | D:10     | Reached XP level 11. HP: 66/79 MP: 11/11
  7363 | D:10     | Killed Urug
  7363 | D:10     | Reached skill level 19 in Polearms
  7395 | D:10     | Found a staircase to the Orcish Mines.
  7420 | D:10     | Noticed a two-headed ogre
  7427 | D:10     | Killed a two-headed ogre
  7713 | D:10     | Noticed Sonja
  7720 | D:10     | Noticed Ratty's ghost (journeyman CeMo)
  7972 | Lair:1   | Entered Level 1 of the Lair of Beasts
  8054 | Lair:1   | Found a labyrinth entrance.
  8071 | Lab      | Entered a labyrinth
  8533 | Lab      | Found the ring of the Octopus King
  8538 | Lab      | Got a ring of the Octopus King
  8540 | Lab      | Identified a ring of the Octopus King {AC+1 EV+1 Str+1 Int+1 Dex+1 Stlth+} (You found it in a labyrinth)
  9088 | Lab      | Noticed a minotaur
  9102 | Lab      | Killed a minotaur
  9102 | Lab      | Reached skill level 20 in Polearms
  9480 | Lair:1   | Reached skill level 6 in Fighting
  9588 | Lair:1   | Found an opulent altar of Gozag.
  9678 | Lair:1   | Identified the Tome of Cold and Weightlessness
 10044 | Lair:2   | Reached skill level 7 in Fighting
 10047 | Lair:2   | Reached **** piety under Trog
 10161 | Lair:2   | Reached skill level 8 in Fighting
 10450 | Lair:2   | Reached skill level 9 in Fighting
 10450 | Lair:2   | Reached XP level 12. HP: 95/95 MP: 12/12
 10534 | Lair:2   | Reached skill level 10 in Fighting
 10539 | Lair:2   | Reached skill level 1 in Stealth
 10608 | Lair:2   | Noticed a five-headed hydra
 10626 | Lair:2   | Reached skill level 2 in Stealth
 10647 | Lair:2   | Reached skill level 3 in Stealth
 10674 | Lair:2   | Killed a five-headed hydra
 10674 | Lair:2   | Reached skill level 5 in Stealth
 10746 | Lair:2   | Found a hole to the Spider Nest.
 10893 | Lair:2   | Found a staircase to the Shoals.
 11192 | Lair:3   | Reached skill level 6 in Stealth
 11298 | Lair:3   | Noticed a seven-headed hydra
 11323 | Lair:3   | Reached skill level 7 in Stealth
 11335 | Lair:3   | Killed a seven-headed hydra
 11344 | Lair:3   | Reached skill level 8 in Stealth
 11408 | Lair:3   | Noticed a seven-headed hydra
 11434 | Lair:3   | Killed a seven-headed hydra
 11506 | Lair:3   | Noticed an eight-headed hydra
 11540 | Lair:3   | Killed an eight-headed hydra
 11540 | Lair:3   | Reached skill level 9 in Stealth
 12441 | Lair:4   | Reached skill level 10 in Stealth
 12961 | Lair:4   | Reached XP level 13. HP: 103/103 MP: 13/13
 12989 | Lair:4   | Reached skill level 6 in Dodging
 13168 | Lair:4   | Reached ***** piety under Trog
 13192 | Lair:4   | Noticed Josephine
 13443 | Lair:4   | Reached skill level 7 in Dodging
 13961 | Lair:5   | Found a staircase to the Slime Pits.
 14070 | Lair:5   | Reached skill level 6 in Armour
 14246 | Lair:5   | Reached skill level 11 in Fighting
 14383 | Lair:5   | Reached skill level 8 in Dodging
 14743 | Lair:5   | Reached skill level 21 in Polearms
 14818 | Lair:6   | Entered Level 6 of the Lair of Beasts
 14979 | Lair:6   | Received a gift from Trog
 15233 | Lair:6   | Reached skill level 9 in Dodging
 15321 | Lair:6   | Reached XP level 14. HP: 108/113 MP: 14/14
 15546 | Lair:5   | Reached skill level 7 in Armour
 16070 | Lair:6   | Reached skill level 12 in Fighting
 16075 | Lair:6   | Reached skill level 10 in Dodging
 16524 | Lair:6   | Noticed Rupert
 16569 | Lair:6   | Received a gift from Trog
 16601 | Lair:6   | Paralysed by Rupert for 2 turns
 16663 | Lair:6   | Killed Rupert
 17436 | D:10     | Noticed Grum
 17458 | D:10     | Killed Grum
 17739 | D:9      | Reached skill level 22 in Polearms
 17873 | D:10     | Killed Sonja
 17873 | D:10     | Reached skill level 11 in Dodging
 17897 | D:10     | Killed Ratty's ghost
 18535 | D:11     | Reached skill level 8 in Armour
 19027 | Orc:1    | Entered Level 1 of the Orcish Mines
 19098 | Orc:1    | Reached XP level 15. HP: 122/122 MP: 15/15
 19498 | Orc:2    | Entered Level 2 of the Orcish Mines
 19498 | Orc:2    | Found a bloodstained altar of Trog.
 19523 | Orc:2    | Noticed Saint Roka
 19563 | Orc:2    | Killed Saint Roka
 19563 | Orc:2    | Reached skill level 13 in Fighting
 19729 | Orc:2    | Found a staircase to the Elven Halls.
 19759 | Orc:2    | Found Tuadgh's Armour Emporium.
 19775 | Orc:2    | Paralysed by an ogre mage for 7 turns
 19779 | Orc:2    | HP: 23/123 [two-headed ogre/giant club (24)]
 19779 | Orc:2    | Slain by a two-headed ogre

Vault maps used:
D:1:      lordsloth_arrival_two_stooges
D:3:      uniq_crazy_yiuf_cottage
D:4:      first_ration, serial_shops, nicolae_shop_trees,
          trog_three_pillars_becter
D:5:      lemuel_round_altar, temple_doors_e, uniq_sigmund
D:6:      minmay_ruffians
D:7:      grunt_livestock, nrook_mini_vaults, grunt_dithmenos_smoke,
          uniq_joseph, uniq_menkaure
D:8:      david_lair_shrubbed
D:9:      basic_altar
D:10:     erik_orc_3, uniq_grum, uniq_urug, uniq_sonja, uniq_harold
D:12:     minivault_28
Temple:   compressed_dpeg_triangle_lava_temple
Lair:1:   basic_altar, lab_entry_generic
Lair:2:   elwin_shoals_entry_rooms, spider_nest_entry_web_field
Lair:3:   cheibrodos_magma_flow, grunt_megastairs_3, lemuel_fruit_fields,
          lemuel_fruit_tree
Lair:4:   minmay_stone_trees_small, small_statue_intersection, dpeg_oklob_1,
          grunt_megastairs_1, uniq_josephine
Lair:5:   dpeg_slime_entry_corner
Lair:6:   gammafunk_lair_ancient_temple, bobbens_ice_dragon_lair,
          minmay_lair_oklob_chamber, uniq_rupert
Orc:2:    st_orc_open, bloody_trog, uniq_saint_roka
Lab:      lab_hedge, nicolae_lab_flowing_pool

Skill      XL: |  1  2  3  4  5  6  7  8  9 10 11 12 13 14 15 |
---------------+----------------------------------------------+-----
Polearms       | 4 5 6 7 9 10 12 14 15 18 20 21 22 | 22.3
Fighting       | 5 9 10 11 12 13 | 13.0
Armour         | 3 5 6 8 |  8.2
Dodging        | 5 9 11 | 11.8
Stealth        | 10 | 10.1
Shields        | |  3.0

Action                   |  1- 3 |  4- 6 |  7- 9 | 10-12 | 13-15 || total
-------------------------+-------+-------+-------+-------+-------++-------
Melee: Trident           |   135 |   237 |   404 |   778 |   788 ||  2342
       Tailslap          |       |       |       |       |    11 ||    11
       Glaive            |       |       |       |       |   224 ||   224
Throw: Javelin           |       |       |       |     1 |     4 ||     5
Invok: Berserk           |       |       |     9 |    17 |    18 ||    44
       Trog's Hand       |       |       |     2 |     7 |    10 ||    19
       Brothers in Arms  |       |       |       |       |     1 ||     1
Evoke: Wand              |       |       |       |       |     1 ||     1
  Use: Scroll            |       |     8 |     8 |    15 |     7 ||    38
       Potion            |       |       |     1 |     3 |     4 ||     8
 Stab: Sleeping          |       |       |       |     1 |    15 ||    16
       Invisible         |       |       |       |       |    14 ||    14
       Distracted        |       |       |       |       |     3 ||     3
  Eat: Chunk             |       |     6 |    17 |    27 |    37 ||    87
       Ration            |       |       |       |     6 |     2 ||     8
Armor: Scale mail        |    52 |    69 |    26 |       |       ||   147
       Plate armour      |       |       |    14 |       |       ||    14
       Chain mail        |       |       |    38 |   183 |       ||   221
       Pearl dragon scal |       |       |       |     2 |   245 ||   247
Dodge: Dodged            |    29 |    31 |    55 |   139 |   386 ||   640
Block: Shield            |    54 |    50 |    92 |   206 |   282 ||   684

Table legend:
 A = Spawn XP
 B = Non-spawn XP
 C = Spawn XP percentage of total XP
 D = Spawn monster count
 E = Non-spawn monster count
 F = Spawn count percentage of total count
 G = Total turns spent on level
                    A         B        C        D         E        F      G
               +---------+---------+-------+---------+---------+-------+---------
         Total |       0 |   93663 |   0.0 |       0 |     560 |   0.0 | 19779
               +---------+---------+-------+---------+---------+-------+---------
           D:1 |       0 |      55 |   0.0 |       0 |      27 |   0.0 |   723
           D:2 |       0 |      39 |   0.0 |       0 |      18 |   0.0 |   481
           D:3 |       0 |     163 |   0.0 |       0 |      39 |   0.0 |   989
           D:4 |       0 |     596 |   0.0 |       0 |      21 |   0.0 |   712
           D:5 |       0 |    1173 |   0.0 |       0 |      23 |   0.0 |  1009
           D:6 |       0 |    1167 |   0.0 |       0 |      24 |   0.0 |   885
           D:7 |       0 |    2583 |   0.0 |       0 |      34 |   0.0 |   889
           D:8 |       0 |     706 |   0.0 |       0 |       6 |   0.0 |   635
           D:9 |       0 |    1470 |   0.0 |       0 |      19 |   0.0 |  1126
          D:10 |       0 |    9642 |   0.0 |       0 |      65 |   0.0 |  1467
          D:11 |       0 |    4790 |   0.0 |       0 |      33 |   0.0 |   900
          D:12 |       0 |     314 |   0.0 |       0 |       2 |   0.0 |    17
        Lair:1 |       0 |    1933 |   0.0 |       0 |       7 |   0.0 |  1000
        Lair:2 |       0 |    8148 |   0.0 |       0 |      32 |   0.0 |  1179
        Lair:3 |       0 |    5599 |   0.0 |       0 |      21 |   0.0 |  1440
        Lair:4 |       0 |    9185 |   0.0 |       0 |      33 |   0.0 |  1262
        Lair:5 |       0 |    8701 |   0.0 |       0 |      34 |   0.0 |  1297
        Lair:6 |       0 |   27984 |   0.0 |       0 |      81 |   0.0 |  1826
         Orc:1 |       0 |    2467 |   0.0 |       0 |      18 |   0.0 |   471
         Orc:2 |       0 |    5047 |   0.0 |       0 |      18 |   0.0 |   281
           Lab |       0 |    1901 |   0.0 |       0 |       5 |   0.0 |  1066
               +---------+---------+-------+---------+---------+-------+---------

Vault maps used:
D:1:      lordsloth_arrival_two_stooges
D:3:      uniq_crazy_yiuf_cottage
D:4:      first_ration, serial_shops, nicolae_shop_trees,
          trog_three_pillars_becter
D:5:      lemuel_round_altar, temple_doors_e, uniq_sigmund
D:6:      minmay_ruffians
D:7:      grunt_livestock, nrook_mini_vaults, grunt_dithmenos_smoke,
          uniq_joseph, uniq_menkaure
D:8:      david_lair_shrubbed
D:9:      basic_altar
D:10:     erik_orc_3, uniq_grum, uniq_urug, uniq_sonja, uniq_harold
D:12:     minivault_28
Temple:   compressed_dpeg_triangle_lava_temple
Lair:1:   basic_altar, lab_entry_generic
Lair:2:   elwin_shoals_entry_rooms, spider_nest_entry_web_field
Lair:3:   cheibrodos_magma_flow, grunt_megastairs_3, lemuel_fruit_fields,
          lemuel_fruit_tree
Lair:4:   minmay_stone_trees_small, small_statue_intersection, dpeg_oklob_1,
          grunt_megastairs_1, uniq_josephine
Lair:5:   dpeg_slime_entry_corner
Lair:6:   gammafunk_lair_ancient_temple, bobbens_ice_dragon_lair,
          minmay_lair_oklob_chamber, uniq_rupert
Orc:2:    st_orc_open, bloody_trog, uniq_saint_roka
Lab:      lab_hedge, nicolae_lab_flowing_pool

Table legend:
 A = Turns spent in this place as a percentage of turns spent in the entire game.
 B = Non-inter-level travel turns spent in this place as a percentage of non-inter-level travel turns spent in the entire game.
 C = Inter-level travel turns spent in this place as a percentage of turns spent in this place.
 D = Turns resting spent in this place as a percentage of non-inter-level travel turns spent in this place.
 E = Turns spent auto-exploring this place as a percentage of non-inter-level travel turns spent in this place.
 F = Non-inter-level travel turns spent in this place divided by the number of levels of this place that you've seen.
                   A       B       C       D       E      F
               +-------+-------+-------+-------+-------+----------------------
         Total | 100.0 | 100.0 |   3.6 |   9.7 |  60.1 | 866.9
       Dungeon |  49.7 |  49.2 |   4.7 |   7.6 |  68.1 | 781.2
        Temple |   0.6 |   0.7 |   0.0 |  49.2 |  37.1 | 124.0
          Lair |  40.5 |  40.7 |   3.0 |  13.4 |  57.4 | 1294.3
  Orcish Mines |   3.8 |   3.9 |   1.5 |   0.0 |  76.7 | 370.5
     Labyrinth |   5.4 |   5.6 |   0.0 |   3.3 |   0.0 | 1066.0
               +-------+-------+-------+-------+-------+----------------------

Table legend:
 A = Kills in this place as a percentage of kills in entire the game.
 B = Kills by you in this place as a percentage of kills by you in the entire game.
 C = Kills by friends in this place as a percentage of kills by friends in the entire game.
 D = Other kills in this place as a percentage of other kills in the entire game.
 E = Experience gained in this place as a percentage of experience gained in the entire game.
 F = Experience gained in this place divided by the number of levels of this place that you have seen.
                   A       B       C       D       E      F
               +-------+-------+-------+-------+-------+----------------------
         Total | 100.0 | 100.0 | 100.0 |   N/A | 100.0 | 4257.4
       Dungeon |  55.5 |  56.0 |   0.0 |   N/A |  24.2 | 1891.5
          Lair |  37.1 |  37.5 |   0.0 |   N/A |  65.7 | 10258.3
  Orcish Mines |   6.4 |   5.6 | 100.0 |   N/A |   8.0 | 3757.0
     Labyrinth |   0.9 |   0.9 |   0.0 |   N/A |   2.0 | 1901.0
               +-------+-------+-------+-------+-------+----------------------
